 Dungeon Crawl Stone Soup version 0.28-a0-1202-g1e6f1b2279 (webtiles) character file.

Game seed: 16863875465829416071

510 ChaosChampion the Thaumaturge (level 6, -2/32 HPs)
             Began as a Deep Elf Conjurer on Dec 20, 2021.
             Slain by a wyvern (13 damage)
             ... on level 5 of the Dungeon.
             The game lasted 00:04:03 (4974 turns).

ChaosChampion the Thaumaturge (Deep Elf Conjurer)   Turns: 4974, Time: 00:04:03

Health: -2/32      AC:  5    Str:  4    XL:     6   Next: 98%
Magic:  4/19       EV: 12    Int: 25    God:
Gold:   200        SH:  0    Dex: 13    Spells: 10/21 levels left

rFire   + . .      SeeInvis .   (no weapon)
rCold   . . .      Faith    .   (no shield)
rNeg    . . .      Spirit   .   a - +0 robe
rPois   .          Reflect  .   (no helmet)
rElec   .          Harm     .   (no cloak)
rCorr   .          Rampage  .   i - +2 pair of gloves
Will    .....                   (no boots)
Stlth   ++........              (no amulet)
HPRegen 0.10/turn               g - ring of protection from fire
MPRegen 0.16/turn               (no ring)

@: very slightly contaminated
A: no striking features
a: no special abilities


You were on level 5 of the Dungeon.
You visited 1 branch of the dungeon, and saw 5 of its levels.

You collected 200 gold pieces.

Inventory:

Armour
 a - a +0 robe (worn)
 i - a +2 pair of gloves (worn)
Jewellery
 g - a ring of protection from fire (left hand)
 v - a +6 ring of strength
 x - a ring of protection from cold
Scrolls
 b - 2 scrolls of identify {unknown}
 f - 2 scrolls of silence {unknown}
 k - a scroll of enchant weapon {unknown}
 l - a scroll of fog {unknown}
 n - 3 scrolls of amnesia {unknown}
 p - 2 scrolls of magic mapping {unknown}
 q - a scroll of torment {unknown}
 r - 3 scrolls of holy word {unknown}
 t - a scroll of teleportation {unknown}
 u - a scroll of noise {unknown}
Potions
 c - 2 potions of might {unknown}
 d - a potion of heal wounds {unknown}
 e - a potion of mutation {unknown}
 h - a potion of lignification {unknown}
 j - a potion of berserk rage {unknown}
 m - a potion of curing {unknown}
 o - a potion of haste {unknown}
 s - a potion of resistance {unknown}
 w - a potion of brilliance {unknown}


   Skills:
 - Level 2.4 Dodging
 - Level 2.4 Stealth
 * Level 8.4 Spellcasting
 + Level 6.4 Conjurations


You had 10 spell levels left.
You knew the following spells:

 Your Spells              Type           Power      Damage    Failure   Level
a - Magic Dart            Conj           100%       1d8       1%          1
b - Searing Ray           Conj           84%        2d7       1%          2
c - Fulminant Prism       Conj/Hex       13%        3d9       16%         4
d - Iskenderun's Mystic   Conj/Tloc      26%        2d7       16%         4

Your spell library contained the following spells:

 Spells                   Type           Power      Damage    Failure   Level
 Dazzling Flash           Conj/Hex       52%        N/A       4%          3
 Stone Arrow              Conj/Erth      52%        3d10      4%          3
 Animate Skeleton         Necr           20%        N/A       6%          1
 Pain                     Necr           40%        1d6       6%          1
 Sandblast                Erth           20%        2d7       6%          1
 Sting                    Tmut/Pois      40%        1d5       6%          1
 Mephitic Cloud           Conj/Pois/Air  21%        N/A       8%          3
 Blink                    Tloc           20%        N/A       9%          2
 Call Imp                 Summ           10%        N/A       9%          2
 Passwall                 Tmut/Erth      8%         N/A       9%          2
 Poisonous Vapours        Pois/Air       20%        N/A       9%          2
 Frozen Ramparts          Ice            20%        1d4       17%         3
 Vampiric Draining        Necr           10%        2d6       17%         3
 Ice Form                 Ice/Tmut       10%        N/A       50%         4
 Olgreb's Toxic Radiance  Pois           10%        N/A       50%         4
 Summon Ice Beast         Ice/Summ       10%        N/A       50%         4
 Manifold Assault         Tloc           10%        N/A       85%         5
 Storm Form               Tmut/Air       5%         N/A       100%        7


Dungeon Overview and Level Annotations

Branches:
Dungeon (5/15)
 Temple: D:4-7

Altars:
Dithmenos
Gozag
Qazlal
Wu Jian
Yredelemnul


Message History

You conjure a prism of explosive energy!
A fulminant prism comes into view.
The wyvern hisses angrily.
Casting: Fulminant Prism (extremely dangerous; 16% risk of failure)
Confirm with . or Enter, or press ? or * to list all spells.
The spell is extremely dangerous to miscast (16% risk of failure)!
Continue anyway?
Aiming: Fulminant Prism (extremely dangerous; 16% risk of failure)
Press: ? - help, Dir - move target You miscast Fulminant Prism.
You are very lightly contaminated with residual magic.
A wave of violent energy washes through your body!
Your fulminant prism crackles loudly.
Casting: Fulminant Prism (extremely dangerous; 16% risk of failure)
Confirm with . or Enter, or press ? or * to list all spells.
Aiming: Searing Ray (safe; 1% risk of failure)
Press: ? - help, Shift-Dir - straight line, f - wyvern
Aim: a wyvern (ally target, 82% to hit)
Really fire in your fulminant prism's direction?
Okay, then.
Casting: Searing Ray (safe; 1% risk of failure)
Confirm with . or Enter, or press ? or * to list all spells.
The spell is extremely dangerous to miscast (16% risk of failure)!
Continue anyway?
You erupt in a blast of force!
The mystic blast hits the wyvern.
The wyvern is moderately wounded.
The wyvern is knocked back by the mystic blast.
Your fulminant prism explodes!
The blast of energy engulfs the wyvern!
The wyvern is severely wounded.
Casting: Iskenderun's Mystic Blast (extremely dangerous; 16% risk of failure)
Confirm with . or Enter, or press ? or * to list all spells.
The spell is extremely dangerous to miscast (16% risk of failure)!
Continue anyway?
You miscast Iskenderun's Mystic Blast.
Nothing appears to happen.
The wyvern completely misses you. The wyvern bites you.
An orc comes into view. It is wielding a +0 whip.
You see here an iguana corpse.
The wyvern bites you. The wyvern bites you! The wyvern bites you!
You die...

#.........#
#.#'#######
#.#.......#
#.#.......#
#.#.......# ###
#.#.......# ....
#.#.......+ ...#
#.##......#...###
#.@l....†o.......
####.>......#.).)
#.......## .
#........#
#..........
#......#...#
#.(....##...#
######## #...


You could see a wyvern and an orc.

Vanquished Creatures
  An ogre (D:5)
  The ghost of UristMcRaven the Sneak, an amateur OpEE (D:3)
  A scorpion (D:5)
  A gnoll shaman (D:4)
  An orc wizard (D:4)
  An iguana (D:5)
  4 gnolls (D:4)
  8 adders
  An ufetubus (D:4)
  An adder skeleton (D:4)
  A dart slug (D:3)
  4 orcs
  7 bats
  12 endoplasms
  5 giant cockroaches
  7 hobgoblins
  9 kobolds
  3 quokkas (D:1)
  12 ball pythons
  8 goblins
  6 rats
94 creatures vanquished.

Vanquished Creatures (others)
  A fulminant prism (D:5)
1 creature vanquished.

Grand Total: 95 creatures vanquished

Notes
Turn   | Place    | Note
-------+----------+-------------------------------------------
     0 | D:1      | ChaosChampion the Deep Elf Conjurer began the quest for the
                  | Orb.
     0 | D:1      | Reached XP level 1. HP: 10/10 MP: 6/6
   253 | D:1      | Reached XP level 2. HP: 12/15 MP: 2/8
   561 | D:1      | Reached skill level 4 in Spellcasting
  1061 | D:2      | Reached XP level 3. HP: 19/19 MP: 7/10
  1064 | D:2      | Learned a level 2 spell: Searing Ray
  1601 | D:2      | Reached skill level 5 in Spellcasting
  1746 | D:2      | Reached skill level 5 in Conjurations
  1746 | D:2      | Reached XP level 4. HP: 24/24 MP: 9/13
  2091 | D:2      | Learned a level 4 spell: Fulminant Prism
  2096 | D:2      | Learned a level 4 spell: Iskenderun's Mystic Blast
  2919 | D:3      | Found a runed translucent door.
  2924 | D:3      | Noticed UristMcRaven's ghost (amateur OpEE)
  2938 | D:3      | Killed UristMcRaven's ghost
  2939 | D:3      | Reached skill level 6 in Spellcasting
  2939 | D:3      | Reached XP level 5. HP: 27/28 MP: 4/16
  3064 | D:3      | Found an opulent altar of Gozag.
  3698 | D:4      | Reached skill level 7 in Spellcasting
  3734 | D:4      | Reached XP level 6. HP: 32/32 MP: 1/18
  4149 | D:5      | Entered Level 5 of the Dungeon
  4468 | D:5      | Found a basalt altar of Yredelemnul.
  4478 | D:5      | Found a shadowy altar of Dithmenos.
  4492 | D:5      | Found a stormy altar of Qazlal.
  4495 | D:5      | Found an ornate altar of the Wu Jian Council.
  4515 | D:5      | Reached skill level 8 in Spellcasting
  4963 | D:5      | Noticed a wyvern
  4974 | D:5      | Slain by a wyvern

Illustrated notes

Levels and vault maps discovered:
D:1:      minmay_arrival_four_loops, layout_rooms,
          shapermc_ecumenical_altar_petra, minmay_vboxes
D:2:      layout_basic
D:3:      minmay_wonky_spiral, layout_loops_corners, lemuel_round_altar,
          ebering_ghost_sewer_d
D:4:      layout_basic
D:5:      layout_basic, okawaru_ov_weapons_minmay,
          grunt_temple_overflow_cloverleaf

Skill      XL: |  1  2  3  4  5  6 |
---------------+-------------------+-----
Spellcasting   | 4 5 6 7 8 |  8.4
Conjurations   | 5 6 |  6.4
Dodging        | |  2.4
Stealth        | |  2.4

Action                   |  1- 3 |  4- 6 || total
-------------------------+-------+-------++-------
 Cast: Magic Dart        |    66 |    82 ||   148
       Searing Ray       |     4 |    23 ||    27
       Iskenderun's Myst |       |     1 ||     1
       Fulminant Prism   |       |     1 ||     1
Armor: Robe              |     2 |     3 ||     5
Dodge: Dodged            |    13 |    16 ||    29

Table legend: (Time is in decaauts)
 A = Elapsed time spent in this place.
 B = Non-inter-level travel time spent in this place.
 C = Inter-level travel time spent in this place.
 D = Time resting spent in this place.
 E = Time spent auto-exploring this place.
 F = Levels seen in this place.
 G = Mean time per level.
                   A        B        C        D        E       F      G
               +--------+--------+--------+--------+--------+-----+--------+
         Total |   4972 |   4796 |    176 |    107 |   4181 |   5 |  994.4 |
       Dungeon |   4972 |   4796 |    176 |    107 |   4181 |   5 |  994.4 |
               +--------+--------+--------+--------+--------+-----+--------+

Top non-repeatable levels by time:
     D:3: 1360 daAuts
     D:2: 1178 daAuts
     D:1: 1015 daAuts
     D:5: 824 daAuts
     D:4: 593 daAuts
